 Dungeon Crawl Stone Soup version 0.22-a0-166-g5351223 (console) character file.

43131 Duffy the Arsonist (level 13, 28/82 HPs)
             Began as a Deep Elf Fire Elementalist on Feb 12, 2018.
             Was an Elder of Vehumet.
             Quit the game on level 6 of the Lair of Beasts on Feb 13, 2018.
             The game lasted 00:38:08 (24657 turns).

Duffy the Arsonist (Deep Elf Fire Elementalist)    Turns: 24657, Time: 00:38:09

Health: 28/82      AC:  7    Str:  5    XL:     13   Next: 89%
Magic:  35/39      EV: 20    Int: 26    God:    Vehumet [****..]
Gold:   541        SH:  0    Dex: 15    Spells: 15/34 levels left

rFire    + + .     SeeInvis .   p - +2 quarterstaff (chaos)
rCold    . . .     Gourm    .   (shield currently unavailable)
rNeg     . . .     Faith    .   a - +0 robe {rC+ rF+}
rPois    .         Spirit   .   L - +2 hat {MR+}
rElec    .         Reflect  .   q - +0 cloak
rCorr    .         Harm     +   O - +0 pair of gloves
MR       ++...                  b - +0 pair of boots
Stlth    ++........             R - amulet of harm
HPRegen  0.23/turn              k - ring of fire
MPRegen  0.26/turn              H - ring of magical power

@: mildly poisoned (28 -> 22)
A: no striking features
a: Renounce Religion


You were on level 6 of the Lair of Beasts.
You worshipped Vehumet.
Vehumet was greatly pleased with you.
You were hungry.

You visited 3 branches of the dungeon, and saw 17 of its levels.

You collected 1109 gold pieces.
You spent 568 gold pieces at shops.

Inventory:

Hand Weapons
 p - a +2 quarterstaff of chaos (weapon)
Missiles
 N - a throwing net (quivered)
Armour
 a - a +0 robe of resistance (worn)
 b - a +0 pair of boots (worn)
 q - a +0 cloak (worn)
 L - a +2 hat of magic resistance (worn)
 O - a +0 pair of gloves (worn)
 P - a +2 robe of magic resistance
Jewellery
 h - an uncursed ring of poison resistance
 k - a ring of fire (left hand)
 E - an uncursed ring of see invisible
 H - a ring of magical power (right hand)
 K - an uncursed ring of flight
 R - an amulet of harm (around neck)
Wands
 m - a wand of digging (13)
 x - a wand of flame (57)
 I - a wand of paralysis (11)
 J - a wand of polymorph (12)
Scrolls
 j - 11 scrolls of identify {unknown}
 l - 13 scrolls of remove curse
 n - 5 scrolls of blinking {unknown}
 o - 3 scrolls of fog {unknown}
 t - 10 scrolls of teleportation {unknown}
 v - 6 scrolls of fear {unknown}
 y - 5 scrolls of immolation {unknown}
 A - 3 scrolls of enchant armour {unknown}
 B - 2 scrolls of random uselessness {unknown}
 C - 3 scrolls of amnesia {unknown}
 G - 3 scrolls of noise {unknown}
 M - a scroll of vulnerability {unknown}
 Q - a scroll of enchant weapon {unknown}
 T - a scroll of brand weapon {unknown}
 U - a scroll of summoning {unknown}
Potions
 d - 2 potions of haste
 e - 6 potions of flight {unknown}
 f - 3 potions of magic {unknown}
 g - 10 potions of curing
 i - 4 potions of invisibility
 s - 2 potions of might {unknown}
 u - 7 potions of heal wounds
 w - 3 potions of lignification {unknown}
 z - a potion of agility
 D - 2 potions of ambrosia
 F - 2 potions of cancellation
 S - 2 potions of brilliance
 W - a potion of mutation {unknown}
Comestibles
 c - 15 rations


   Skills:
 - Level 10.0 Fighting
 - Level 11.0 Dodging
 - Level 2.4 Stealth
 + Level 11.1 Spellcasting
 + Level 12.2 Conjurations
 - Level 5.1 Charms
 - Level 5.0 Necromancy
 - Level 2.0 Translocations
 + Level 12.2 Fire Magic
 - Level 6.1 Evocations


You had 15 spell levels left.
You knew the following spells:

 Your Spells              Type           Power        Failure   Level  Hunger
a - Throw Flame           Conj/Fire      ######       1%          2    None
h - Flame Tongue          Conj/Fire      #####        1%          1    None
j - Sticky Flame          Conj/Fire      #######.     1%          4    None
k - Fireball              Conj/Fire      #######...   1%          5    ###....
l - Conjure Flame         Conj/Fire      #######.     1%          3    None
u - Apportation           Tloc           ####..       1%          1    None
y - Regeneration          Chrm/Necr      #####.....   1%          3    None


Dungeon Overview and Level Annotations

Branches:
Dungeon (10/15)            Temple (1/1) D:7            Lair (6/6) D:10
  Swamp (0/4) Lair:3       Spider (0/4) Lair:3        Slime (0/5) Lair:5
    Orc (0/2) D:10

Altars:
Ashenzari
Cheibriados
Dithmenos
Elyvilon
Fedhas
Gozag
Hepliaklqana
Kikubaaqudgha
Makhleb
Nemelex Xobeh
Okawaru
Qazlal
Ru
Sif Muna
Trog
Uskayaw
Vehumet
Wu Jian
Xom
Yredelemnul
Zin
The Shining One

Shops:
D:4 }*[   D:5 !

Portals:
Labyrinth: Lair:6

Annotations:
D:3 ThereIsNoGod's ghost, amateur SpVM
Lair:2 exclusion: downstairs
Lair:3 exclusions: 2 hell hounds and oklob plant


Message History

Okay, then.
Cast which spell? (? or * to list)
Aiming: Sticky Flame (safe; 1% risk of failure)
Press: ? - help, Shift-Dir - straight line, f - wyvern
Aim: a wyvern You feel a surge of power!
The sticky flame hits the wyvern.
The wyvern is moderately wounded.
The wyvern is covered in liquid flames!
You feel sick.
The wyvern burns!
The dream sheep shake their wool and sparkle.
You feel drowsy...
You fall asleep.
The wyvern closely misses you.
You feel sick.
The wyvern burns!
The wyvern completely misses you. The water moccasin bites you.
You wake up.
The wyvern completely misses you.
Save game and exit?
You hear a distant snort.
Hark!
There is an entrance to a minotaur's labyrinth on this level.
Find the entrance quickly before the gate is sealed!
Welcome back, Duffy the Deep Elf Fire Elementalist.
Vehumet says: Let it end in hellfire!
Press ? for a list of commands and other information.
Are you sure you want to abandon this character and quit the game? (Confirm with "yes".) ## #####. ## #.##.## ###.##..... .....#....#### .P...........# ## ..$....YYP.PP##.#### #..... ..#. #SlYYHYY..#...P

...!. ...#####@##.#.........
## .... ......########.......#
...#... .!....###.####YH...#..
.......#...............Y......
#...................YYY.......
..PP............F..Y#.........
#...S<.............#........
..S.................####..(...
..h.....~~~P........##..##....


You could see 2 elephants, a hippogriff, a water moccasin, a wyvern (burning)
and 4 dream sheep.

Vanquished Creatures
  Kirke (Lair:5)
  Gastronok (D:10)
  Harold (D:10)
  4 hydras
  6 death yaks (Lair:3)
  Erica (Lair:1)
  3 two-headed ogres
  Urug (Lair:5)
  An unseen horror (D:10)
  A manticore (D:9)
  5 elephants
  5 black mambas
  A torpor snail (Lair:2)
  5 spiny frogs
  3 rime drakes
  4 komodo dragons
  4 trolls
  A hornet (D:9)
  A polar bear (Lair:3)
  15 blink frogs
  7 hippogriffs
  Grinder (D:3)
  Eustachio (D:5)
  A tarantella (Lair:2)
  7 wyverns
  30 yaks
  6 hogs (Lair:5)
  3 basilisks
  Menkaure (D:5)
  5 swamp worms (Lair:3)
  10 porcupines
  10 water moccasins
  4 orc warriors
  A sky beast (D:5)
  2 necrophages (D:10)
  6 ogres
  6 phantoms
  3 centaurs
  6 wolves
  11 crocodiles
  A big kobold (D:9)
  12 bullfrogs
  A scorpion (D:4)
  6 killer bees (D:10)
  3 wights (D:10)
  3 howler monkeys
  3 electric eels
  5 crimson imps
  2 bullfrog zombies
  The ghost of Duffy the Conjurer, a weakling DEFE (D:4)
  A quasit (D:9)
  2 centaur skeletons
  13 orc priests
  3 hounds
  3 jellies (Lair:5)
  Crazy Yiuf (D:2)
  6 iguanas
  12 orc wizards
  6 worker ants
  A hound skeleton (D:5)
  Robin (D:3)
  A howler monkey skeleton (D:6)
  8 gnolls
  10 adders
  A shadow imp (D:5)
  5 oozes
  3 adder zombies
  4 dart slugs
  5 leopard geckos
  33 orcs
  3 ball pythons
  6 giant cockroaches
  16 goblins
  8 hobgoblins
  4 jackals (D:1)
  11 kobolds
  2 quokkas
  5 bats
  7 frilled lizards
  A leopard gecko skeleton (D:6)
  A quokka zombie (D:5)
  10 rats
  A fungus (Lair:2)
  A plant (Lair:1)
417 creatures vanquished.

Vanquished Creatures (collateral kills)
  2 blink frogs
  A crocodile (Lair:1)
3 creatures vanquished.

Vanquished Creatures (others)
  2 blink frogs (Lair:2)
  12 fungi
  5 plants
19 creatures vanquished.

Grand Total: 439 creatures vanquished

Notes
Turn   | Place    | Note
-------+----------+-------------------------------------------
     0 | D:1      | Duffy the Deep Elf Fire Elementalist began the quest for the Orb.
     0 | D:1      | Reached XP level 1. HP: 10/10 MP: 6/6
   165 | D:1      | Reached XP level 2. HP: 13/15 MP: 0/8
   641 | D:1      | Found a shattered altar of Ashenzari.
   990 | D:1      | Reached XP level 3. HP: 19/19 MP: 5/9
   994 | D:1      | Learned a level 2 spell: Throw Flame
   998 | D:1      | Learned a level 3 spell: Conjure Flame
  1313 | D:2      | Reached XP level 4. HP: 24/24 MP: 1/11
  1625 | D:2      | Found a shimmering altar of Xom.
  1634 | D:2      | Found a faded altar of an unknown god.
  1921 | D:2      | Found a runed door.
  1925 | D:2      | Noticed Crazy Yiuf
  1930 | D:2      | Killed Crazy Yiuf
  2233 | D:2      | Learned a level 4 spell: Sticky Flame
  2243 | D:3      | Noticed Robin
  2252 | D:2      | Reached XP level 5. HP: 20/28 MP: 4/12
  2661 | D:3      | Noticed ThereIsNoGod's ghost (amateur SpVM)
  3204 | D:3      | Noticed Grinder
  3211 | D:3      | Paralysed by Grinder for 7 turns
  3224 | D:3      | Killed Grinder
  3224 | D:3      | Reached skill level 5 in Conjurations
  3224 | D:3      | Reached skill level 5 in Fire Magic
  3224 | D:3      | Reached XP level 6. HP: 13/32 MP: 0/14
  3832 | D:4      | Reached skill level 1 in Fighting
  3933 | D:4      | Reached XP level 7. HP: 39/39 MP: 7/15
  3999 | D:4      | Found a sparkling altar of Nemelex Xobeh.
  4026 | D:4      | Noticed Duffy's ghost (weakling DEFE)
  4102 | D:3      | Killed Robin
  4283 | D:4      | Killed Duffy's ghost
  4686 | D:4      | Reached skill level 5 in Dodging
  4875 | D:4      | Found Watoxobi's General Store.
  4879 | D:4      | Found Behutteamyh's Gadget Boutique.
  4880 | D:4      | Found Fyxir's Armour Boutique.
  4884 | D:4      | Found Ereh's Antique Weapon Boutique.
  5452 | D:5      | Entered Level 5 of the Dungeon
  5550 | D:5      | Reached XP level 8. HP: 45/47 MP: 6/16
  5655 | D:5      | Found Mojuda Fedeu's Distillery.
  5677 | D:5      | Noticed Eustachio
  5684 | D:5      | Killed Eustachio
  5765 | D:5      | Bought a potion of heal wounds for 70 gold pieces
  5926 | D:5      | Found a snail-covered altar of Cheibriados.
  5937 | D:5      | Reached skill level 5 in Fighting
  5938 | D:5      | Noticed Menkaure
  5950 | D:5      | Killed Menkaure
  6349 | D:5      | Found a shadowy altar of Dithmenos.
  6403 | D:5      | Reached skill level 5 in Spellcasting
  6639 | D:5      | Learned a level 5 spell: Fireball
  7558 | D:6      | Reached XP level 9. HP: 54/54 MP: 10/19
  8228 | D:7      | Found a staircase to the Ecumenical Temple.
  8247 | Temple   | Entered the Ecumenical Temple
  8380 | Temple   | Became a worshipper of Vehumet
  9924 | D:8      | Noticed a two-headed ogre
 10168 | D:8      | Noticed a troll
 10177 | D:7      | Killed a troll
 10177 | D:7      | Reached * piety under Vehumet
 10177 | D:7      | Offered knowledge of Shock by Vehumet.
 10256 | D:7      | Reached XP level 10. HP: 59/59 MP: 23/23
 10813 | D:8      | Killed a two-headed ogre
 11229 | D:8      | Found a stormy altar of Qazlal.
 11646 | D:9      | Noticed a manticore
 11650 | D:9      | Killed a manticore
 11650 | D:9      | Reached skill level 10 in Fire Magic
 11650 | D:9      | Reached skill level 10 in Conjurations
 11909 | D:9      | Reached ** piety under Vehumet
 12068 | D:9      | Offered knowledge of Searing Ray by Vehumet.
 12384 | D:9      | Noticed a two-headed ogre
 12391 | D:9      | Killed a two-headed ogre
 12391 | D:9      | Reached XP level 11. HP: 63/63 MP: 23/26
 13203 | D:10     | Entered Level 10 of the Dungeon
 13640 | D:10     | Noticed Gastronok
 13819 | D:10     | Killed Gastronok
 13943 | D:10     | Noticed Harold
 13947 | D:10     | Killed Harold
 14184 | D:10     | Offered knowledge of Ignite Poison by Vehumet.
 14714 | D:10     | Reached *** piety under Vehumet
 14725 | D:10     | Noticed an unseen horror
 14727 | D:10     | Killed an unseen horror
 15038 | D:10     | Found a staircase to the Lair.
 15074 | D:10     | Learned a level 1 spell: Apportation
 15124 | D:10     | Found a staircase to the Orcish Mines.
 15237 | D:10     | Noticed a two-headed ogre
 15260 | D:10     | Killed a two-headed ogre
 15260 | D:10     | Reached skill level 10 in Dodging
 15567 | Lair:1   | Entered Level 1 of the Lair of Beasts
 15631 | Lair:1   | Reached XP level 12. HP: 67/73 MP: 26/27
 15787 | Lair:1   | Noticed Erica
 15838 | Lair:1   | Killed Erica
 16540 | Lair:1   | Offered knowledge of Force Lance by Vehumet.
 17318 | Lair:2   | Noticed a six-headed hydra
 17727 | Lair:2   | Noticed a six-headed hydra
 17740 | Lair:2   | Killed a six-headed hydra
 18215 | Lair:2   | Reached skill level 10 in Fighting
 18225 | Lair:2   | Killed a six-headed hydra
 18694 | Lair:2   | Learned a level 3 spell: Regeneration
 18770 | Lair:2   | Reached skill level 1 in Charms
 18901 | Lair:2   | Reached skill level 1 in Necromancy
 19237 | Lair:3   | Reached **** piety under Vehumet
 19574 | Lair:3   | Found a hole to the Spider Nest.
 19667 | Lair:3   | Noticed a five-headed hydra
 19687 | Lair:3   | Reached skill level 5 in Evocations
 19695 | Lair:3   | Noticed a death yak
 19695 | Lair:3   | Noticed a death yak
 19696 | Lair:3   | Noticed a death yak
 19696 | Lair:3   | Noticed a death yak
 19697 | Lair:3   | Noticed a death yak
 19697 | Lair:3   | Noticed a death yak
 19702 | Lair:3   | Offered knowledge of Irradiate by Vehumet.
 19702 | Lair:3   | Reached XP level 13. HP: 75/82 MP: 21/28
 20231 | Lair:3   | Found a staircase to the Swamp.
 22431 | Lair:5   | Reached skill level 5 in Charms
 22431 | Lair:5   | Reached skill level 5 in Necromancy
 22526 | Lair:5   | Noticed Urug
 22533 | Lair:5   | Killed Urug
 22533 | Lair:5   | Reached skill level 10 in Spellcasting
 22533 | Lair:5   | Reached skill level 1 in Translocations
 23534 | Lair:5   | Found a staircase to the Slime Pits.
 23550 | Lair:5   | Noticed Kirke
 23555 | Lair:5   | Killed Kirke
 23953 | D:4      | Bought a scroll of remove curse for 36 gold pieces
 23990 | D:5      | Bought a potion of cancellation for 112 gold pieces
 23990 | D:5      | Bought a potion of brilliance for 56 gold pieces
 23990 | D:5      | Bought a potion of invisibility for 112 gold pieces
 23990 | D:5      | Bought a potion of heal wounds for 70 gold pieces
 23990 | D:5      | Bought a potion of ambrosia for 112 gold pieces
 24428 | Lair:6   | Entered Level 6 of the Lair of Beasts
 24508 | Lair:6   | Found a labyrinth entrance.
 24657 | Lair:6   | Upgraded the game from 0.22-a0-162-g33bf127 to 0.22-a0-166-g5351223
 24657 | Lair:6   | Quit the game

Vault maps used:
D:1:      evilmike_arrival_fibonacci_small, evilmike_ruin_ashenzari
D:2:      chequers_ecumenical_altar_simple, xom_teletrap_fun,
          uniq_crazy_yiuf_cottage
D:3:      minivault_19, minivault_27, grunt_ministairs_11, uniq_grinder,
          uniq_robin
D:4:      overflow_temple_1_default, first_ration, minmay_shop_grid_forest
D:5:      kennysheep_little_box, nicolae_dithmenos_through_a_glass_darkly,
          serial_shops, nicolae_shop_temple_entry_statues_fountains,
          kennysheep_generic_room_14, uniq_eustachio, uniq_menkaure
D:7:      minmay_temple_entry_statues, st_stairs_14
D:8:      nicolae_qazlal_style_of_elements
D:10:     david_lair_generic, orc_0_dummy, uniq_harold, uniq_gastronok
Temple:   regret_index_temple_mists
Lair:1:   serial_forest, infiniplex_forest_lined_room_,
          infiniplex_forest_clump_small, infiniplex_forest_straight_3,
          infiniplex_forest_clump_large, infiniplex_forest_lined_3,
          infiniplex_forest_lined_room_3, infiniplex_forest_clump_curved,
          uniq_erica
Lair:2:   hangedman_lair_generics_rect
Lair:3:   nicolae_swamp_entry_splash_gauntlet, spider_nest_entry_web_field,
          enter_volcano_3, grunt_megastairs_5
Lair:4:   serial_forest, infiniplex_forest_lined_corner,
          infiniplex_forest_straight_2, infiniplex_forest_end_double,
          infiniplex_forest_zigzag_1, infiniplex_forest_straight_4,
          infiniplex_forest_clump_C, infiniplex_forest_zigzag_1,
          infiniplex_forest_lined_3, infiniplex_forest_clump_double,
          infiniplex_forest_clump_curved, serial_bayou_pond_d
Lair:5:   nicolae_slime_entry_slimehenge, uniq_urug, uniq_kirke
Lair:6:   gammafunk_lair_ancient_temple, lab_entry_generic, basic_altar

Skill      XL: |  1  2  3  4  5  6  7  8  9 10 11 12 13 |
---------------+----------------------------------------+-----
Conjurations   | 2 3 4 5 6 8 10 11 12 | 12.2
Fire Magic     | 4 5 6 8 10 11 12 | 12.2
Spellcasting   | 4 5 7 9 11 | 11.1
Fighting       | 1 3 5 7 10 | 10.0
Dodging        | 3 6 10 11 | 11.0
Evocations     | 5 6 |  6.1
Charms         | 4 5 |  5.1
Necromancy     | 3 5 |  5.0
Translocations | 2 |  2.0
Stealth        | |  2.4

Action                   |  1- 3 |  4- 6 |  7- 9 | 10-12 | 13-15 || total
-------------------------+-------+-------+-------+-------+-------++-------
Melee: Quarterstaff      |       |       |    17 |    16 |       ||    33
 Cast: Flame Tongue      |    48 |    55 |   169 |     1 |       ||   273
       Throw Flame       |     4 |    20 |    98 |   378 |   125 ||   625
       Conjure Flame     |     1 |     5 |     9 |    17 |     5 ||    37
       Sticky Flame      |       |     3 |    26 |    54 |    12 ||    95
       Fireball          |       |       |       |    49 |    48 ||    97
Evoke: Wand              |       |       |       |    16 |       ||    16
  Use: Potion            |       |     2 |       |     4 |       ||     6
       Scroll            |       |       |       |       |     1 ||     1
 Stab: Sleeping          |       |       |       |     1 |       ||     1
  Eat: Chunk             |       |     7 |    20 |    24 |    11 ||    62
       Ration            |       |     1 |     1 |     4 |     3 ||     9
Armor: Robe              |     9 |     3 |     6 |    19 |     5 ||    42
       Troll leather arm |       |       |       |     2 |       ||     2
Dodge: Dodged            |    20 |    10 |    78 |   109 |    40 ||   257

Table legend:
 A = Spawn XP
 B = Non-spawn XP
 C = Spawn XP percentage of total XP
 D = Spawn monster count
 E = Non-spawn monster count
 F = Spawn count percentage of total count
 G = Total turns spent on level
                    A         B        C        D         E        F      G
               +---------+---------+-------+---------+---------+-------+---------
         Total |       0 |   61617 |   0.0 |       0 |     418 |   0.0 | 24657
               +---------+---------+-------+---------+---------+-------+---------
           D:1 |       0 |      42 |   0.0 |       0 |      26 |   0.0 |  1134
           D:2 |       0 |     154 |   0.0 |       0 |      26 |   0.0 |  2318
           D:3 |       0 |     343 |   0.0 |       0 |      22 |   0.0 |   561
           D:4 |       0 |     816 |   0.0 |       0 |      26 |   0.0 |  1558
           D:5 |       0 |    1072 |   0.0 |       0 |      32 |   0.0 |  1430
           D:6 |       0 |     466 |   0.0 |       0 |      11 |   0.0 |  1117
           D:7 |       0 |    2716 |   0.0 |       0 |      36 |   0.0 |  2322
           D:8 |       0 |    1892 |   0.0 |       0 |      23 |   0.0 |  1229
           D:9 |       0 |    4783 |   0.0 |       0 |      37 |   0.0 |  1689
          D:10 |       0 |    9094 |   0.0 |       0 |      37 |   0.0 |  2410
        Lair:1 |       0 |    4341 |   0.0 |       0 |      19 |   0.0 |  1902
        Lair:2 |       0 |   10222 |   0.0 |       0 |      35 |   0.0 |  1823
        Lair:3 |       0 |   11604 |   0.0 |       0 |      34 |   0.0 |  2188
        Lair:4 |       0 |    1046 |   0.0 |       0 |       6 |   0.0 |   860
        Lair:5 |       0 |   10256 |   0.0 |       0 |      36 |   0.0 |  1929
        Lair:6 |       0 |    2770 |   0.0 |       0 |      12 |   0.0 |    36
               +---------+---------+-------+---------+---------+-------+---------
